 Dungeon Crawl Stone Soup version 0.18.1-8-gdd0e5ea (webtiles) character file.

22 Flavorfulsole the Skirmisher (level 2, -1/24 HPs)
             Began as a Demonspawn Abyssal Knight on May 28, 2016.
             Was a Follower of Lugonu.
             Slain by a gnoll
             ... wielding a +0 spear
              (7 damage)
             ... on level 2 of the Dungeon.
             The game lasted 00:04:20 (790 turns).

Flavorfulsole the Skirmisher (DsAK)                  Turns: 790, Time: 00:04:21

Health: -1/24      AC:  3    Str: 12    XL:     2   Next: 68%
Magic:  4/4        EV: 11    Int: 13    God:    Lugonu [*.....]
Gold:   62         SH:  0    Dex: 12    Spells: 0 memorised, 1 level left

rFire  . . .     SeeInvis .     a - +1 hand axe
rCold  . . .     Gourm    .     e - +0 leather armour
rNeg   . . .     Faith    .     (no shield)
rPois  .         Spirit   .     (no helmet)
rElec  .         Dismiss  .     (no cloak)
rCorr  .         Reflect  .     (no gloves)
SustAt .         Harm     .     (no boots)
MR     .....                    (no amulet)
Stlth  +.........               (no ring)
                                (no ring)

@: not resistant to hostile enchantments, very unstealthy
A: hooves 1
a: Depart the Abyss, Renounce Religion


You were on level 2 of the Dungeon.
You worshipped Lugonu.
Lugonu was aware of your devotion.
You were not hungry.

You visited 1 branch of the dungeon, and saw 2 of its levels.
You visited the Abyss 1 time.

You collected 62 gold pieces.

Inventory:

Hand Weapons
 a - a +1 hand axe (weapon)
Armour
 b - a +0 leather armour
 e - a +0 leather armour (worn)
Potions
 g - a potion of curing
Comestibles
 c - 2 bread rations
 f - 4 fruits


   Skills:
 + Level 3.4 Fighting
 + Level 2.1 Axes
 + Level 1.9 Armour
 + Level 0.8 Dodging
 + Level 2.8 Invocations


You had one spell level left.
You didn't know any spells.

Dungeon Overview and Level Annotations

Branches:
Dungeon (2/15)

Altars:
Dithmenos
Elyvilon
Kikubaaqudgha
Makhleb
Nemelex Xobeh
Pakellas


Innate Abilities, Weirdness & Mutations

You have large cloven feet.


Message History

The gnoll shouts! x2
The gnoll moves out of view.
Found a robe.
An adder comes into view.
A rat comes into view.
The gnoll barely misses you.
The rat moves out of view.
There is a burning altar of Makhleb here.
The gnoll completely misses you.
The gnoll hits you from afar with a spear.
You hit the adder but do no damage. You kick the adder, but do no damage.
You hit the gnoll.
The gnoll is moderately wounded.
The gnoll barely misses you. The gnoll closely misses you. The adder bites you.
The gnoll closely misses you.
You miss the adder. You hit the gnoll but do no damage.
The gnoll is moderately wounded.
The adder bites you.
* * * LOW HITPOINT WARNING * * *
The gnoll hits you from afar with a spear!
You die...

......#.# #.
#.......####...
#...._........ #.
#.._.....#.... ..##
#............[
...####._..⌠.._.....
#..#.......gggr.!..
[.###.........@S.#
##.......#..._...#
...##...#........#
#.................#
#.........♣♣♣♣♣♣..#).
#......[..........#...
#.........♣♣♣♣♣♣......
########.............
##.....)..#.##


You could see 3 gnolls, an adder and a rat.

Vanquished Creatures
  A dart slug (D:1)
  2 giant geckos (D:2)
  4 bats (D:1)
  A giant cockroach (D:1)
  A goblin (D:1)
  2 hobgoblins (D:1)
  A ball python (D:1)
  5 rats (D:1)
17 creatures vanquished.

Notes
Turn   | Place    | Note
--------------------------------------------------------------
     0 | Abyss:1  | Flavorfulsole the Demonspawn Abyssal Knight began the quest for the Orb.
     0 | Abyss:1  | Reached XP level 1. HP: 18/18 MP: 2/2
     0 | D:1      | Escaped the Abyss
    89 | D:1      | Reached * piety under Lugonu
   275 | D:1      | Gained mutation: You have large cloven feet. [demonic ancestry]
   275 | D:1      | Reached XP level 2. HP: 21/24 MP: 3/3
   769 | D:2      | Found a burning altar of Makhleb.
   772 | D:2      | Found a sparkling altar of Nemelex Xobeh.
   772 | D:2      | Found an oddly glowing altar of Pakellas.
   773 | D:2      | Found an ancient bone altar of Kikubaaqudgha.
   776 | D:2      | Found a white marble altar of Elyvilon.
   777 | D:2      | Found a shadowy altar of Dithmenos.
   790 | D:2      | Slain by a gnoll

Skill      XL: |  1 |
---------------+----+-----
Axes           | 2 |  2.1
Fighting       | |  3.4
Armour         | |  1.9
Dodging        | |  0.8
Invocations    | |  2.8

Action                   || total
-------------------------++-------
Melee: Hand axe          ||    52
       Kick              ||     7
Invok: Depart the Abyss  ||     1
  Use: Potion            ||     5
       Scroll            ||     2
Armor: Leather armour    ||    22
Dodge: Dodged            ||    44
